Map: Kairos Junction LE

Players

Fred

  • Race: Protoss Protoss
  • League: Diamond
  • Spawn Location: 5:00

hibiki - Winner!

  • Race: Zerg Zerg
  • League: Diamond
  • Spawn Location: 11:00

VOD

Have the link to the VOD?

Description

Time

  • Played on: Nov. 24, 2018, 12:18 p.m.
  • Length: 4:31
Show
View Real Time Build Order
Export as new Build Order

Fred Protoss 

Build Orders: 1 Gate Expand 

Get SALT Encoding   

  12  0:01  Probe  
  13  0:13  Probe  
  14  0:19  Pylon  
  14  0:25  Probe  
  15  0:37  Probe  
  15  0:41  Gateway  
  16  0:49  Probe  
  17  1:00  Probe  
  18  1:08  Probe  
  18  1:18  Forge  
  19  1:31  Nexus  
  19  1:36  Probe  
  20  1:49  Probe  
  20  1:54  Assimilator  
  21  1:56  Assimilator  
  21  2:01  Cybernetics Core, Probe  
  22  2:13  Probe  
  23  2:16  Photon Cannon  
  23  2:27  Probe  
  23  2:38  Pylon  
  23  2:43  Probe  
  23  2:44  Pylon  
  24  2:50  Probe  
  25  2:53  Adept  
  25  2:55  Probe  
  28  3:02  Probe  
  29  3:06  Probe  
  29  3:10  Stargate  
  29  3:11  Probe  
  30  3:14  Probe  
  30  3:19  Probe  
  32  3:22  Assimilator  
  32  3:25  Assimilator  
  33  3:29  Probe x2  
  35  3:37  Stargate  
  35  3:40  Probe  
  36  3:41  Probe  
  36  3:48  Void Ray, Probe  
  37  3:49  Probe  
  39  3:56  Probe  
  39  3:59  Probe  
  44  4:07  Probe  
  44  4:12  Probe  
Show
View Real Time Build Order
Export as new Build Order

hibiki Zerg - Winner!

Build Orders: Hatch First 

Get SALT Encoding   

  12  0:01  Drone  
  13  0:12  Overlord  
  13  0:16  Drone  
  14  0:31  Drone x2  
  14  0:34  Drone  
  17  0:54  Hatchery  
  17  0:56  Drone  
  17  0:58  Drone  
  18  1:11  Extractor  
  17  1:15  Spawning Pool  
  16  1:23  Drone  
  16  1:24  Drone  
  18  1:28  Drone  
  19  1:39  Drone  
  20  2:02  Queen  
  20  2:04  Overlord  
  20  2:07  Queen  
  20  2:08  Zergling x4  
  26  2:13  Metabolic Boost  
  26  2:21  Drone x2  
  28  2:40  Hatchery  
  27  2:46  Overlord  
  27  2:49  Zergling x2  
  27  2:51  Baneling Nest  
  27  2:57  Zergling x4  
  29  3:02  Zergling x4  
  29  3:05  Zergling x2  
  32  3:07  Zergling x2  
  33  3:15  Zergling x6  
  33  3:19  Zergling x2  
  37  3:26  Overlord  
  37  3:28  Zergling x2  
  37  3:34  Zergling x4  
  40  3:42  Baneling x2  
  40  3:43  Baneling x4  
  40  3:52  Zergling x6  
  44  4:02  Zergling x2  
  44  4:03  Zergling x4  
  43  4:13  Zergling x2  
  43  4:14  Zergling x6  
Tags
 
Add a new tag
Caveats
  • Supply blocks, unpowered buildings, or Contaminate may cause inaccurate times.
  • Supply counts are checked every 10 seconds.